 Dungeon Crawl Stone Soup version 0.31-a0-321-g19405a7a6a (webtiles) character file.

Game seed: 189179831793711445

849189 xSliceyx the Conqueror (level 27, -5/268 HPs)
             Began as a Gargoyle Fighter on Mar 16, 2023.
             Was the Champion of Hepliaklqana.
             Slain by Asmodeus
             ... wielding the +13 sceptre of Asmodeus
              (26 damage)
             ... on level 7 of Gehenna on July 17, 2023.
             The game lasted 07:25:54 (76007 turns).

xSliceyx the Conqueror (Gargoyle Fighter)          Turns: 76007, Time: 07:25:55

Health: -5/268     AC: 57    Str: 36    XL:     27
Magic:  30/30      EV: 25    Int: 10    God:    Hepliaklqana [******]
Gold:   8900       SH: 18    Dex: 20    Spells: 17/26 levels left

rFire   + + +        J - +16 obsidian axe {drain, demonic, Mesm Drain Fly SInv}
rCold   + + +        p - +2 shield of Resistance {rF++ rC++ Will++}
rNeg    + + .        T - +8 chain mail of the Several People {Str+3}
rPois   ∞            Z - +1 hat of Hubris {Regen+ Str-3 Dex+5}
rElec   +            m - +1 cloak of the Thieving Gods {Dex+4}
rCorr   +            u - +2 pair of gloves
SInv    +            D - +2 pair of boots
Will    ++++.        H - amulet of the Ornamental Mango {rF+ Regen+} Stlth
                     W - ring of Departure {rPois rF+ rN+ Str+3}
HPRegen 2.24/turn    E - ring "Ytsomoac" {rC+ rCorr Dex+2 Slay+2}
MPRegen 0.22/turn

%: no passive effects
@: mighty, berserking (expiring), weakened, flying, mesmerised, hasted, studying
Fire Magic, unable to read, very quick
A: reduced essence, sickness immunity, AC +20, big wings, negative energy
resistance 1, electricity resistance, torment resistance 1, petrification
resistance, fire resistance 1
}: 10/15 runes: decaying, serpentine, slimy, silver, abyssal, demonic, glowing,
magical, fiery, dark
a: Renounce Religion, Recall Ancestor, Ancestor Identity, Transference, Idealise


You were on level 7 of Gehenna.
You worshipped Hepliaklqana.
Hepliaklqana was exalted by your worship.
You visited 11 branches of the dungeon, and saw 55 of its levels.
You visited Pandemonium 1 time, and saw 19 of its levels.
You visited the Abyss 4 times.
You also visited: Sewer, Ice Cave and Wizlab.

You collected 11993 gold pieces.
You spent 3093 gold pieces at shops.

Inventory:

Hand Weapons
 J - the +16 obsidian axe (weapon) {drain, demonic, Mesm Drain Fly SInv}
   (You took it off a deep elf death mage on level 5 of the Vaults)

   Mesm:      Its wielder is mesmerised by any visible foes, and it cannot be
   unequipped while any foes are visible.
   SInv:      It lets you see invisible.
   Fly:       It grants you flight.
   Drain:     It drains your maximum health when unequipped.
 X - the +10 war axe of Loixt {heavy, rN+ Dex+3}
   (You took it off a deep elf sorcerer on level 3 of the Elven Halls)

   Dex:       It affects your dexterity (+3).
   rN:        It protects you from negative energy.
Missiles
 F - 12 curare-tipped darts
 U - 4 silver javelins (quivered)
Armour
 m - the +1 cloak of the Thieving Gods (worn) {Dex+4}
   (You found it on level 9 of the Dungeon)

   Dex:       It affects your dexterity (+4).
 p - the +2 shield of Resistance (worn) {rF++ rC++ Will++}
   (You found it on level 5 of the Pits of Slime)

   rF:        It greatly protects you from fire.
   rC:        It greatly protects you from cold.
   Will:      It greatly increases your willpower.
 u - a +2 pair of gloves (worn)
 D - a +2 pair of boots (worn)
 N - a +8 tower shield of protection
 T - the +8 chain mail of the Several People (worn) {Str+3}
   (You found it on level 3 of the Elven Halls)

   Str:       It affects your strength (+3).
 Z - the +1 hat of Hubris (worn) {Regen+ Str-3 Dex+5}
   (You found it on level 1 of the Elven Halls)

   Str:       It affects your strength (-3).
   Dex:       It affects your dexterity (+5).
   Regen:     It increases your rate of health regeneration.
Jewellery
 E - a ring "Ytsomoac" (right hand) {rC+ rCorr Dex+2 Slay+2}
   (You found it on level 5 of the Vaults)

   [ring of resist corrosion]

   Dex:       It affects your dexterity (+2).
   Slay:      It affects your accuracy & damage with ranged weapons and melee
   (+2).
   rC:        It protects you from cold.
   rCorr:     It protects you from acid and corrosion.
 H - the amulet of the Ornamental Mango (around neck) {rF+ Regen+}
   (You acquired it on level 5 of the Vaults)

   [amulet of regeneration]

   rF:        It protects you from fire.
   Regen:     It increases your rate of health regeneration.
 W - the ring of Departure (left hand) {rPois rF+ rN+ Str+3}
   (You found it in Pandemonium)

   [ring of positive energy]

   Str:       It affects your strength (+3).
   rF:        It protects you from fire.
   rPois:     It protects you from poison.
   rN:        It protects you from negative energy.
Wands
 y - a wand of polymorph (51)
 B - a wand of mindburst (28)
 G - a wand of flame (70)
 K - a wand of roots (79)
 O - a wand of charming (66)
 Q - a wand of light (31)
 V - a wand of digging (9)
Scrolls
 a - 5 scrolls of enchant armour
 f - 11 scrolls of fog
 g - 13 scrolls of fear
 i - 19 scrolls of teleportation
 j - 6 scrolls of blinking
 k - 6 scrolls of revelation
 r - a scroll of brand weapon
 s - 13 scrolls of poison
 x - 7 scrolls of summoning
 A - 7 scrolls of silence
 R - 5 scrolls of immolation
Potions
 d - a potion of might
 h - 16 potions of cancellation
 l - 14 potions of curing
 n - 7 potions of magic
 q - a potion of haste
 v - 3 potions of invisibility
 w - 10 potions of mutation
 C - 2 potions of ambrosia
 L - 6 potions of resistance
 M - 3 potions of berserk rage
 P - 4 potions of enlightenment
Miscellaneous
 b - the horn of Geryon
 c - a condenser vane
 e - a box of beasts
 o - a lightning rod (4/4)
 t - a phantom mirror (inert)
 I - a phial of floods


   Skills:
 O Level 27 Fighting
 - Level 4.0 Long Blades
 - Level 17.9(18.0) Axes
 - Level 1.4(12.8) Maces & Flails
 - Level 2.0 Throwing
 - Level 23.0 Armour
 + Level 22.1 Dodging
 - Level 20.0 Shields
 - Level 10.0 Invocations
 - Level 20.0 Evocations


You had 17 spell levels left.
You knew the following spells:

 Your Spells              Type           Power      Damage    Failure   Level
b - Wereblood             Tmut           0%         N/A       77%         2
c - Ozocubu's Armour      Ice            0%         N/A       94%         3
d - Blink                 Tloc           0%         N/A       77%         2
e - Passwall              Tmut/Erth      0%         N/A       77%         2

Your spell library contained the following spells:

 Spells                   Type           Power      Damage    Failure   Level
 Apportation              Tloc           0%         N/A       63%         1
 Foxfire                  Conj/Fire      0%         2x1d4     63%         1
 Freeze                   Ice            0%         1d3       63%         1
 Kiss of Death            Conj/Necr      0%         2d5       63%         1
 Magic Dart               Conj           0%         1d3       63%         1
 Necrotise                Necr           0%         1d4       63%         1
 Sandblast                Erth           0%         2d4       63%         1
 Shock                    Conj/Air       0%         1d3       63%         1
 Slow                     Hex            0%         N/A       63%         1
 Summon Small Mammal      Summ           0%         N/A       63%         1
 Ensorcelled Hibernation  Hex/Ice        0%         N/A       77%         2
 Poisonous Vapours        Pois/Air       0%         N/A       77%         2
 Scorch                   Fire           0%         2d5       77%         2
 Searing Ray              Conj           0%         2d4       77%         2
 Confusing Touch          Hex            0%         N/A       94%         3
 Frozen Ramparts          Ice            0%         1d1       94%         3
 Gell's Gravitas          Tloc           0%         N/A       94%         3
 Hailstorm                Conj/Ice       0%         3d3       94%         3
 Ignite Poison            Fire/Tmut/Pois 0%         N/A       94%         3
 Inner Flame              Hex/Fire       0%         N/A       94%         3
 Mephitic Cloud           Conj/Pois/Air  0%         N/A       94%         3
 Stone Arrow              Conj/Erth      0%         3d7       94%         3
 Summon Guardian Golem    Hex/Summ       0%         N/A       94%         3
 Teleport Other           Tloc           0%         N/A       94%         3
 Tukima's Dance           Hex            0%         N/A       94%         3
 Vampiric Draining        Necr           0%         2d6       94%         3
 Vhi's Electric Charge    Tloc/Air       0%         N/A       94%         3
 Volatile Blastmotes      Fire/Tloc      0%         2d10      94%         3
 Airstrike                Air            0%         2d(0-16)  100%        4
 Anguish                  Hex/Necr       0%         N/A       100%        4
 Animate Armour           Summ/Erth      0%         N/A       100%        4
 Animate Dead             Necr           0%         N/A       100%        4
 Cause Fear               Hex            0%         N/A       100%        4
 Dispel Undead            Necr           0%         3d6       100%        4
 Flame Wave               Conj/Fire      0%         2d4       100%        4
 Fulminant Prism          Conj/Hex       0%         3d5       100%        4
 Iskenderun's Mystic Bla  Conj/Tloc      0%         2d3       100%        4
 Leda's Liquefaction      Hex/Erth       0%         N/A       100%        4
 Manifold Assault         Tloc           0%         N/A       100%        4
 Passage of Golubria      Tloc           0%         N/A       100%        4
 Petrify                  Tmut/Erth      0%         N/A       100%        4
 Sticky Flame             Conj/Fire      0%         2d3       100%        4
 Summon Ice Beast         Ice/Summ       0%         N/A       100%        4
 Summon Lightning Spire   Summ/Air       0%         N/A       100%        4
 Agony                    Necr           0%         N/A       100%        5
 Alistair's Intoxication  Tmut/Pois      0%         N/A       100%        5
 Arcjolt                  Conj/Air       0%         1d10      100%        5
 Borgnjor's Vile Clutch   Necr/Erth      0%         N/A       100%        5
 Freezing Cloud           Conj/Ice/Air   0%         6-21      100%        5
 Irradiate                Conj/Tmut      0%         3d11      100%        5
 Lee's Rapid Deconstruct  Erth           0%         3d4*      100%        5
 Metabolic Englaciation   Hex/Ice        0%         N/A       100%        5
 Silence                  Hex/Air        0%         N/A       100%        5
 Yara's Violent Unravell  Hex/Tmut       0%         3d3       100%        5
 Death Channel            Necr           0%         N/A       100%        6
 Dispersal                Tloc           0%         N/A       100%        6
 Leda's Unmaking          Conj/Erth      0%         9d1       100%        6
 Plasma Beam              Fire/Air       0%         2x1d10    100%        6
 Simulacrum               Ice/Necr       0%         N/A       100%        6
 Starburst                Conj/Fire      0%         6d3       100%        6
 Summon Cactus Giant      Summ           0%         N/A       100%        6
 Enfeeble                 Hex            0%         N/A       100%        7
 Malign Gateway           Summ/Tloc      0%         N/A       100%        7
 Orb of Destruction       Conj           0%         9d5       100%        7
 Ozocubu's Refrigeration  Ice            0%         4d7       100%        7
 Summon Hydra             Summ           0%         N/A       100%        7
 Borgnjor's Revivificati  Necr           0%         N/A       100%        8
 Ignition                 Fire           0%         3d3       100%        8
 Maxwell's Capacitive Co  Air            0%         ∞         100%        8
 Death's Door             Necr           0%         N/A       100%        9
 Dragon's Call            Summ           0%         N/A       100%        9
 Cigotuvi's Dreadful Rot  Necr/Pois/Air  Unusable   N/A       N/A         2
 Sublimation of Blood     Necr           Unusable   N/A       N/A         2

Dungeon Overview and Level Annotations

Branches:
Dungeon (15/15)            Temple (0/1) D:5            Lair (5/5) D:8
  Swamp (4/4) Lair:2        Snake (4/4) Lair:2        Slime (5/5) Lair:5
    Orc (2/2) D:11            Elf (3/3) Orc:2        Vaults (5/5) D:13
  Crypt (0/3) Vaults:2     Depths (4/4) D:15           Hell (visited)
    Dis (0/7) Hell            Geh (7/7) Hell            Coc (0/7) Hell
    Tar (0/7) Hell            Zot (0/5) Depths:4      Sewer (visited)
  IceCv (visited)          WizLab (visited)

Altars:
Dithmenos
Fedhas
Hepliaklqana
Kikubaaqudgha
Makhleb
Nemelex Xobeh
Sif Muna
Trog
Uskayaw
Vehumet
Yredelemnul
The Shining One
Lugonu

Shops:
D:11 [   D:12 *   Orc:2 =[=!   Elf:1 ::=   Snake:1 *   Depths:2 *

Portals:
Hell: Depths:1 Depths:2 Depths:3 Depths:4
Abyss: Lair:5 Swamp:4 Depths:1 Depths:2 Depths:3
Pandemonium: Depths:1 Depths:2
Ziggurat: Depths:3
Trove: Elf:1 (give +2 fire dragon scales)

Annotations:
Geh:7 Asmodeus


Innate Abilities, Weirdness & Mutations

Your life essence is reduced to manifest your ancestor. (-10% HP)
You are immune to sickness and miasma.
Your stone body is resilient. (AC +20)
You are immune to poison.
Your large and strong wings let you fly.
You resist negative energy. (rN+)
You are resistant to electric shocks. (rElec)
You are resistant to unholy torment.
You are immune to petrification.
Your flesh is heat resistant. (rF+)


Message History

Your red devil hits the balrug with a +0 trident!
The balrug dies!
The balrug disappears in a puff of smoke!
Asmodeus gestures.
Unknown command.
You hit Asmodeus but do no damage.
Asmodeus is moderately wounded.
You slice the balrug!!
Visions of slaying the balrug flood into your mind.
You are engulfed in blazing flames.
You resist.
Unknown command.
Unknown command.
Unknown command.
Unknown command.
You slice Asmodeus!!
Asmodeus is moderately wounded.
You barely miss the balrug.
You are engulfed in blazing flames.
You resist. The balrug hits you but does no damage.
Your red devil hits Asmodeus but does no damage.
Asmodeus completely misses you.
Unknown command.
Unknown command.
Unknown command.
Okay, then.
Unknown command.
You slice Asmodeus!!
Asmodeus is moderately wounded.
You slash the balrug! You block the balrug's attack.
Unknown command.
Unknown command.
Unknown command.
You hit Asmodeus but do no damage.
Asmodeus is moderately wounded.
You barely miss the balrug. You slice the sixfirhy!!
Visions of slaying the sixfirhy flood into your mind.
You block the sixfirhy's attack. The sixfirhy completely misses you.
Your red devil hits Asmodeus from afar with a +0 trident!
Asmodeus is skewered by barbed spikes.
Asmodeus hits you with the +13 sceptre of Asmodeus!!
You die...

#################
§≈§≈≈§≈≈≈≈≈≈#####
§≈≈§≈§§≈≈§≈≈##### .§.
...≈≈≈##### ... .§§≈§#####
##.##§§§§#####
$$$#.4.#3.§§##### ≈
..$..12@.§§§##### ≈§≈ ≈#
..$#○2&#§§§§##### ≈≈§≈≈≈#
##☼##..§≈##### §≈§§≈≈# .$°
#.§§≈##### §..≈§≈# #$.
#..≈≈##### §##≈§≈# ='$.
#..≈§##### .##≈≈§# =.#$
#.§§§##### §≈≈§§§# ####
#..§§#####
≈§§..≈###########..≈§#####


You could see Asmodeus (clouds, skewered, ally target), a Brimstone Fiend
(summoned), 2 balrugs, a sixfirhy (summoned, mesmerising) and a friendly red
devil (summoned).

Vanquished Creatures
  the Royal Jelly (Slime:5)
  Gloorx Vloq (Pan)
  Lom Lobon (Pan)
  Mnoleg (Pan)
  A dread lich (Abyss:5)
  An ancient lich (Geh:7)
  Mara (Swamp:3)
  2 juggernauts (Depths:3)
  A pandemonium lord (Pan)
  Geryon (Hell)
  5 golden dragons
  2 pearl dragons (Pan)
  Nikola (Elf:1)
  A mutant beast (WizLab)
  4 bone dragons
  2 doom hounds
  4 Tzitzimimeh
  11 Brimstone Fiends
  2 Ice Fiends (Pan)
  2 Hell Sentinels (Pan)
  A shard shrike zombie (Abyss:5)
  7 tentacled monstrosities
  A walking earthen tome (Depths:3)
  7 hellephants
  8 liches
  13 searing wretches
  6 deep elf blademasters
  6 titans
  A walking divine tome (Depths:3)
  A quicksilver dragon (Abyss:5)
  3 tentacled starspawn
  2 deep elf master archers (Elf:3)
  25 acid blobs
  The ghost of roninjake the Brawler, an adept TrFi of Ru (Elf:2)
  15 Executioners
  7 sphinxes
  An eldritch tentacle (Pan)
  2 ancient champions (Hell)
  A thorn hunter (Swamp:4)
  The ghost of Valamore the Eclecticist, an adept MeEE of Vehumet (Swamp:4)
  4 tengu reavers
  Kirke (Swamp:1)
  2 shadow dragons (Vaults:5)
  12 daevas (Pan)
  A fenstrider witch (shapeshifter) (Swamp:4)
  A demonspawn warmonger (Pan)
  14 rockslimes
  A fenstrider witch (Swamp:3)
  4 storm dragons
  8 azure jellies
  The ghost of Zikhlim the Peltast, a journeyman MiFi of Cheibriados (Elf:3)
  2 nagarajas (Snake:4)
  An iron dragon (Depths:3)
  18 fire giants
  8 frost giants
  6 deep elf sorcerers
  15 vault wardens
  The ghost of Baunymm the Basher, a journeyman DsBe of Trog (Elf:1)
  Aizul (Swamp:2)
  A curse skull (Pan)
  34 balrugs
  10 ironbound preservers
  Louise (Swamp:2)
  9 cacodemons
  2 deep elf elementalists (Elf:3)
  2 spriggan defenders (Depths:3)
  19 angels (Pan)
  2 draconian annihilators (Pan)
  23 very ugly things
  2 orc warlords (Vaults:4)
  5 ophanim (Pan)
  3 war gargoyles
  10 reapers
  A stone giant (shapeshifter) (Vaults:5)
  9 quicksilver oozes
  3 demonspawn blood saints (Pan)
  5 ironbound thunderhulks
  Nessos (Lair:3)
  2 black draconians (Depths:4)
  13 stone giants
  A hydra skeleton (Swamp:4)
  3 deep elf demonologists
  4 vampire knights
  13 apis (Pan)
  A dire elephant (Vaults:3)
  5 deep elf annihilators
  A green draconian (Depths:4)
  5 demonspawn black suns (Pan)
  9 lorocyprocas
  3 eleionomae
  Azrael (Snake:1)
  5 spark wasps (Depths:4)
  A yellow draconian (Depths:4)
  4 bunyips
  2 red draconians (Depths:4)
  A white draconian (Abyss:5)
  A deep elf death mage (Vaults:5)
  7 blizzard demons
  A crystal guardian (Vaults:2)
  Snorg (Lair:3)
  4 green deaths (Pan)
  6 ettins
  2 shambling mangroves
  4 entropy weavers
  8 yaktaur captains
  A fire dragon (Abyss:5)
  2 deep elf high priests (Vaults:5)
  2 peacekeepers
  The ghost of bmack86 the Cleaver, a journeyman MiFi of Okawaru (D:9)
  Erolcha (Orc:2)
  10 great orbs of eyes
  3 spriggan skeletons (Pan)
  3 rakshasas
  A juggernaut simulacrum (Pan)
  10 salamander tyrants
  27 vault guards
  10 hydras
  7 ogre magi
  2 spriggan air magi
  5 ice dragons
  A caustic shrike simulacrum (Abyss:2)
  7 centaur warriors
  3 hell beasts
  5 ironbound frosthearts
  7 two-headed ogres
  17 dancing weapons
  4 stokers
  A death knight (D:9)
  2 boulder beetles
  10 alligators
  4 naga warriors (Snake:4)
  4 anacondas
  4 deep troll earth magi
  7 deep troll shamans
  36 hell hogs
  4 thrashing horrors
  7 shock serpents
  7 naga sharpshooters
  Urug (D:12)
  7 hell knights
  Nergalle (Lair:3)
  A spriggan berserker (Depths:1)
  A titan skeleton (Pan)
  10 soul eaters
  7 deep elf knights
  3 skeletal warriors (Hell)
  4 wretched stars
  Amaemon (Lair:1)
  39 sun demons
  3 iron trolls
  15 sixfirhies
  A skyshark (shapeshifter) (Elf:1)
  8 shadow wraiths
  2 spectral hydras (Swamp:4)
  6 cherubim (Pan)
  22 deep trolls
  A flayed ghost (Depths:3)
  5 goliath frogs
  39 large abominations
  A spriggan druid (Swamp:4)
  3 glowing orange brains
  6 swamp dragons
  A glowing orange brain (shapeshifter) (D:13)
  11 ironbound convokers
  A quicksilver dragon simulacrum (Depths:4)
  6 deep elf archers
  6 lindwurms
  6 orc knights
  A naga ritualist (Snake:4)
  5 phantasmal warriors
  An oklob plant (Swamp:4)
  7 necromancers
  8 wizards
  8 deep elf zephyrmancers
  2 bog bodies
  22 deep elf pyromancers
  2 harpies
  7 orc sorcerers
  33 ugly things
  4 mana vipers
  3 worldbinders
  An elephant (shapeshifter) (WizLab)
  3 manticores
  2 shining eyes
  7 salamanders
  A stone giant skeleton (Vaults:5)
  4 elephants (Lair:5)
  5 cyclopes
  An ice statue (IceCv)
  A rust devil (Pan)
  11 black mambas
  An apocalypse crab (Abyss:2)
  4 guardian serpents
  11 naga magi
  A guardian serpent (shapeshifter) (WizLab)
  19 smoke demons
  An eye of devastation (shapeshifter) (Abyss:5)
  12 molten gargoyles (Geh:7)
  2 centaur zombies (D:15)
  9 vault sentinels
  23 orange demons
  A water nymph (shapeshifter) (Vaults:5)
  3 gargoyles
  2 eyes of devastation
  A black mamba (shapeshifter) (WizLab)
  2 demonic crawlers
  2 unseen horrors (Pan)
  A centaur skeleton (Pan)
  5 cane toads
  4 freezing wraiths
  7 hellions
  30 yaktaurs
  Maggie (D:8)
  4 komodo dragons
  4 efreet
  An unseen horror (shapeshifter) (WizLab)
  2 ice devils (Pan)
  7 ancient zymes
  2 anaconda simulacra (IceCv)
  2 tengu conjurers
  2 red devils (Pan)
  A sea snake skeleton (Hell)
  A yaktaur skeleton (Vaults:5)
  7 tormentors
  4 trolls
  A meliai (Abyss:5)
  A queen bee (shapeshifter) (Elf:1)
  20 hellwings
  A death drake zombie (Swamp:4)
  A harpy zombie (Abyss:2)
  3 hydra zombies
  A merfolk (shapeshifter) (Vaults:3)
  2 polar bears
  5 tyrant leeches
  A wind drake (shapeshifter) (WizLab)
  A meliai (shapeshifter) (WizLab)
  15 hornets
  12 raiju
  21 blink frogs
  3 dream sheep (Lair:5)
  A blink frog (shapeshifter) (Elf:1)
  A snapping turtle (shapeshifter) (Vaults:5)
  A meliai zombie (D:15)
  2 raiju (shapeshifter)
  3 air elementals
  69 slime creatures
  A culicivora (Vaults:4)
  28 yaks
  A culicivora (shapeshifter) (Vaults:4)
  5 shadows
  4 wraiths
  14 ynoxinuls
  5 spriggans
  An ettin skeleton (Vaults:5)
  A vampire (D:10)
  5 water elementals
  A dire elephant simulacrum (IceCv)
  A basilisk (shapeshifter) (WizLab)
  5 fire elementals
  A fire bat (Abyss:5)
  5 golden eyes
  A hog (Swamp:2)
  7 basilisks
  3 wyverns
  2 hogs (shapeshifter) (Elf:1)
  A human (shapeshifter) (Abyss:5)
  A golden eye (shapeshifter) (WizLab)
  A death yak simulacrum (IceCv)
  14 vampire mosquitoes
  15 neqoxecs
  A steam dragon (D:8)
  An iron golem (WizLab)
  A glowing shapeshifter zombie (Vaults:2)
  14 chaos spawn
  A redback (Vaults:4)
  6 swamp worms
  4 acid dragons
  9 water moccasins
  29 nagas
  3 hydra simulacra (Swamp:4)
  4 hell hounds
  An ogre skeleton (Vaults:2)
  5 floating eyes
  15 orc warriors
  A sky beast (shapeshifter) (Elf:1)
  3 ice beasts
  3 swamp drakes
  3 sky beasts
  8 ogres
  A black bear (shapeshifter) (WizLab)
  2 swamp dragon zombies (Swamp:4)
  6 boggarts
  4 centaurs
  4 wolves (Lair:1)
  16 starcursed masses
  2 swamp dragon skeletons (Swamp:4)
  2 kobold brigands
  A phantom (D:5)
  23 small abominations
  A gnoll sergeant (D:12)
  6 earth elementals
  2 scorpions (shapeshifter)
  A bullfrog (shapeshifter) (Elf:1)
  9 bullfrogs
  3 scorpions
  2 cane toad simulacra (IceCv)
  A two-headed ogre simulacrum (IceCv)
  3 wights (D:9)
  A human simulacrum (Vaults:1)
  An elephant simulacrum (IceCv)
  5 killer bees
  A killer bee (shapeshifter) (Elf:1)
  3 electric eels
  A howler monkey (D:12)
  9 hexers
  2 lava snakes (Lair:2)
  A hound (D:4)
  A sleepcap (D:5)
  A gnoll bouda (D:5)
  8 orc priests
  An iron imp (Abyss:2)
  2 iguanas
  19 orc wizards
  4 hell rats (Hell)
  5 spriggan simulacra (IceCv)
  3 troll simulacra (IceCv)
  3 polar bear simulacra (IceCv)
  2 wolf simulacra (IceCv)
  11 gnolls
  3 river rats (Sewer)
  25 adders
  8 naga simulacra (IceCv)
  10 white imps
  4 ufetubi (IceCv)
  A worm (D:2)
  The ghost of snackwell the Sneak, a weakling BaDe (D:5)
  4 dart slugs
  55 orcs
  19 ball pythons
  9 endoplasms
  6 giant cockroaches
  5 goblins
  11 hobgoblins
  6 jackals
  15 kobolds
  9 quokkas
  18 bats
  4 frilled lizards
  5 rats
  3 ball lightnings (Pan)
  A creeping inferno (Geh:3)
  15 fire vortices
  3 starspawn tentacles (Abyss:2)
2069 creatures vanquished.

Vanquished Creatures (collateral kills)
  Cerebov (Pan)
  A seraph (Pan)
  A dread lich (Vaults:5)
  2 ancient liches (Vaults:5)
  A bone dragon (Abyss:5)
  3 Tzitzimimeh
  2 Brimstone Fiends
  3 hellephants
  A doom hound (Depths:2)
  A tentacled monstrosity (Elf:1)
  A lich (Abyss:5)
  3 deep elf blademasters
  A quicksilver dragon (Vaults:3)
  6 searing wretches
  A walking earthen tome (Abyss:5)
  Grunn (Depths:2)
  2 titans
  3 Executioners (Pan)
  An acid blob (Slime:1)
  A sphinx (Depths:2)
  Gastronok (Lair:3)
  Frances (Elf:1)
  2 thorn hunters (Swamp:4)
  A shadow dragon (Depths:4)
  3 tengu reavers
  2 demonspawn warmongers (Pan)
  2 storm dragons
  6 daevas (Pan)
  Roxanne (Snake:1)
  3 frost giants
  3 fenstrider witches
  3 nagarajas (Snake:4)
  2 vault wardens
  A fire giant (Depths:2)
  An azure jelly (Slime:1)
  4 deep elf sorcerers
  7 balrugs
  6 cacodemons (Pan)
  A curse skull (Pan)
  A demonspawn corrupter (Pan)
  10 angels (Pan)
  5 ironbound preservers
  13 very ugly things
  2 draconian annihilators
  12 ophanim (Pan)
  2 ironbound thunderhulks
  A demonspawn blood saint (Pan)
  A war gargoyle (Vaults:2)
  A spriggan defender (Depths:4)
  3 reapers
  2 vampire knights
  4 stone giants
  2 lorocyprocas (Pan)
  A putrid mouth (Depths:2)
  4 deep elf annihilators
  3 black draconians (Depths:4)
  A demonspawn black sun (Pan)
  9 apis (Pan)
  3 dire elephants (Vaults:3)
  A yellow draconian (Depths:4)
  A bunyip (Swamp:4)
  A spark wasp (Depths:4)
  5 deep elf death magi
  2 green deaths (Pan)
  A blizzard demon (Hell)
  A fire dragon (Depths:3)
  3 ettins
  A great orb of eyes (Vaults:3)
  4 yaktaur captains
  An entropy weaver (Vaults:1)
  4 deep elf high priests (Elf:3)
  3 ice dragons
  2 hydras
  3 salamander tyrants
  7 vault guards
  A catoblepas (Lair:5)
  A rakshasa (Depths:1)
  A spriggan air mage (Depths:2)
  An anaconda (Snake:4)
  A hell beast (Pan)
  4 centaur warriors
  3 ogre magi
  2 deep troll shamans
  21 dancing weapons
  3 alligators
  4 naga warriors (Snake:3)
  5 two-headed ogres (D:15)
  3 tengu warriors
  2 boulder beetles
  9 hell hogs
  A spriggan berserker (Depths:2)
  15 sun demons
  A thrashing horror (Lair:5)
  A naga sharpshooter (Snake:2)
  4 shock serpents
  5 hell knights
  7 soul eaters
  A shock serpent (shapeshifter) (WizLab)
  10 deep elf knights
  Sonja (Orc:2)
  A fire crab (shapeshifter) (WizLab)
  2 sixfirhies (Pan)
  3 goliath frogs
  A storm dragon skeleton (Pan)
  14 deep trolls
  2 flayed ghosts
  A swamp dragon (Swamp:4)
  An anaconda zombie (Hell)
  A death drake (shapeshifter) (WizLab)
  5 spriggan druids
  2 bog bodies
  4 cherubim (Pan)
  An orange crystal statue (Depths:1)
  A shadow demon (Pan)
  6 ironbound convokers
  A harpy (shapeshifter) (Vaults:5)
  A harpy (Vaults:1)
  5 deep elf archers
  3 glowing orange brains
  2 necromancers
  A hexer (Pan)
  5 lindwurms
  4 wizards
  2 phantasmal warriors
  9 deep elf zephyrmancers
  A naga ritualist (Snake:4)
  2 oklob plants (Swamp:4)
  A salamander (shapeshifter) (WizLab)
  16 ugly things
  16 deep elf pyromancers
  A cyclops (D:13)
  3 orc sorcerers
  A shining eye (Pan)
  A will-o-the-wisp (Swamp:3)
  5 salamanders
  A moth of wrath (Elf:2)
  A moth of wrath (shapeshifter) (WizLab)
  A stone giant skeleton (Pan)
  An elephant (Lair:5)
  An elephant (shapeshifter) (WizLab)
  A worldbinder (Abyss:5)
  8 vault sentinels
  A centaur zombie (D:15)
  A guardian serpent (shapeshifter) (WizLab)
  6 naga magi
  2 guardian serpents (Snake:4)
  8 smoke demons
  8 black mambas
  2 black mambas (shapeshifter) (WizLab)
  A cane toad (shapeshifter) (WizLab)
  A centaur skeleton (D:15)
  2 cane toads
  A kobold demonologist (D:10)
  A storm dragon simulacrum (Vaults:5)
  8 orange demons
  3 efreet
  A sea snake zombie (Hell)
  A freezing wraith (D:9)
  6 komodo dragons
  17 yaktaurs
  An elf skeleton (Vaults:2)
  3 tormentors
  A tengu conjurer (D:15)
  3 hydra zombies
  A death drake zombie (Swamp:4)
  A red devil (Geh:5)
  2 ancient zymes (Lair:5)
  10 hellwings (Pan)
  4 trolls
  2 hornets (shapeshifter)
  4 tyrant leeches
  A meliai (shapeshifter) (WizLab)
  10 hornets
  7 blink frogs
  A hydra skeleton (Hell)
  3 dream sheep (Lair:5)
  A polar bear (Lair:5)
  15 slime creatures
  An ettin skeleton (Pan)
  5 wraiths
  3 ynoxinuls (Pan)
  2 air elementals (Elf:3)
  A vampire (D:13)
  11 yaks
  13 spriggans
  3 basilisks (Lair:5)
  4 water elementals
  2 hogs (Swamp:2)
  11 large abominations
  A yak (shapeshifter) (WizLab)
  2 fire elementals
  A redback (Vaults:4)
  11 vampire mosquitoes
  7 neqoxecs
  A chaos spawn (Pan)
  6 nagas
  A harpy simulacrum (IceCv)
  4 acid dragons
  A hydra simulacrum (Swamp:4)
  4 swamp worms
  2 water moccasins
  A floating eye (Pan)
  A hell hound (Snake:1)
  3 orc warriors
  2 swamp drakes (Swamp:4)
  A deep troll simulacrum (Vaults:5)
  2 ogres
  An alligator simulacrum (Hell)
  2 boggarts (Vaults:3)
  2 centaurs
  A swamp dragon skeleton (Swamp:4)
  A wolf (Lair:1)
  2 small abominations
  5 bullfrogs
  A two-headed ogre simulacrum (IceCv)
  2 earth elementals
  2 scorpions
  A gnoll sergeant (D:8)
  2 cane toad simulacra (IceCv)
  2 wights (D:9)
  A killer bee (D:9)
  4 howler monkeys
  A lava snake (Lair:2)
  2 orc priests
  A gnoll bouda (D:6)
  A hound (D:5)
  11 orc wizards
  A hell rat (Hell)
  2 spriggan simulacra (IceCv)
  A troll simulacrum (IceCv)
  4 gnolls
  3 naga simulacra (IceCv)
  8 white imps
  2 ufetubi (IceCv)
  23 orcs
  A bat (Orc:2)
  2 kobolds (D:8)
  5 fire vortices
  A starspawn tentacle (Abyss:5)
797 creatures vanquished.

Vanquished Creatures (others)
  A searing wretch (Geh:7)
  A titan (Pan)
  A balrug (Geh:2)
  A very ugly thing (Swamp:4)
  An ophan (Pan)
  A bunyip (Swamp:3)
  2 blizzard demons (Pan)
  2 hydras
  A salamander tyrant (Geh:7)
  A stoker (Geh:7)
  A deep troll (Depths:2)
  2 wizards
  A deep elf pyromancer (D:13)
  A deep elf zephyrmancer (Elf:1)
  An unseen horror (shapeshifter) (WizLab)
  A hellwing (Pan)
  3 bloated husks
  A spriggan (Swamp:2)
  2 humans (Swamp:2)
  2 fire bats (Abyss:5)
  A chaos spawn (Abyss:5)
  A vampire mosquito (Swamp:4)
  A boggart (Vaults:2)
  An orc priest (Orc:2)
  74 hexers
  A hell rat (Hell)
  An ancestor (D:5)
  9 ball lightnings (Pan)
  3 creeping infernos
  10 fire vortices
  13 foxfires
  A lurking horror (Swamp:4)
  4 starspawn tentacles
147 creatures vanquished.

Grand Total: 3013 creatures vanquished

Notes
Turn   | Place    | Note
-------+----------+-------------------------------------------
     0 | D:1      | xSliceyx the Gargoyle Fighter began the quest for the Orb.
     0 | D:1      | Reached XP level 1. HP: 14/14 MP: 1/1
    75 | D:1      | Reached XP level 2. HP: 19/19 MP: 2/2
   214 | D:1      | Reached XP level 3. HP: 20/23 MP: 3/3
   518 | D:2      | Found an ancient bone altar of Kikubaaqudgha.
   666 | D:2      | Reached skill level 5 in Shields
   998 | D:2      | Reached XP level 4. HP: 28/28 MP: 4/4
  1276 | D:3      | Reached skill level 4 in Fighting
  1278 | D:3      | Found a glowing drain.
  1287 | Sewer    | Entered a sewer
  1562 | Sewer    | Reached XP level 5. HP: 8/33 MP: 5/5
  2330 | D:3      | Reached skill level 5 in Fighting
  2330 | D:3      | Reached XP level 6. HP: 40/40 MP: 6/6
  2389 | D:3      | Found a faded altar of an unknown god.
  2595 | D:3      | Found a hazy altar of Hepliaklqana.
  2595 | D:3      | Found a shadowy altar of Dithmenos.
  2596 | D:3      | Found a burning altar of Makhleb.
  2607 | D:3      | Became a worshipper of Hepliaklqana the Forgotten
  2889 | D:3      | Reached skill level 5 in Armour
  3430 | D:4      | Found a basalt altar of Yredelemnul.
  3436 | D:4      | Found a sparkling altar of Nemelex Xobeh.
  3511 | D:4      | Identified the +5 whip of Agony {elec, Will+ Int+2}
  3572 | D:4      | Reached XP level 7. HP: 45/45 MP: 7/7
  3594 | D:4      | Reached skill level 6 in Fighting
  3594 | D:4      | Reached skill level 1 in Maces & Flails
  3687 | D:4      | Found a shimmering blue altar of Sif Muna.
  4038 | D:5      | Entered Level 5 of the Dungeon
  4085 | D:5      | Found a staircase to the Ecumenical Temple.
  4091 | D:5      | Found a runed translucent door.
  4093 | D:5      | Noticed snackwell's ghost (weakling BaDe)
  4332 | D:5      | Reached * piety under Hepliaklqana
  4498 | D:5      | Reached skill level 7 in Fighting
  4498 | D:5      | Reached XP level 8. HP: 40/47 MP: 8/8
  5210 | D:6      | Reached skill level 8 in Fighting
  5291 | D:6      | Found the +1 Delatra's gloves {ID++}
  5395 | D:6      | Reached skill level 9 in Fighting
  5514 | D:6      | Reached XP level 9. HP: 55/55 MP: 9/9
  5584 | D:6      | Reached skill level 10 in Fighting
  5587 | D:6      | Reached skill level 1 in Invocations
  6225 | D:7      | Found a blossoming altar of Fedhas.
  6354 | D:7      | Reached ** piety under Hepliaklqana
  6355 | D:7      | Remembered your ancestor Cecilia as a hexer
  6426 | D:7      | Reached skill level 5 in Invocations
  6554 | D:7      | Reached skill level 10 in Armour
  6716 | D:8      | Found a staircase to the Lair.
  6738 | D:8      | Reached XP level 10. HP: 61/61 MP: 13/13
  7326 | D:8      | Noticed Maggie
  7334 | D:8      | Killed Maggie
  7539 | D:9      | Noticed an orc sorcerer
  7540 | D:9      | Noticed an orc sorcerer
  7551 | D:9      | Killed an orc sorcerer
  7558 | D:9      | Killed an orc sorcerer
  7656 | D:9      | Identified the +1 cloak of the Thieving Gods {Dex+4}
  7700 | D:9      | Identified the +3 flail of Satyriasis {protect, rElec}
  7864 | D:9      | Found a runed translucent gate.
  7871 | D:9      | Found a runed translucent gate.
  7921 | D:9      | Found a runed translucent gate.
  7940 | D:9      | Noticed bmack86's ghost (journeyman MiFi)
  8218 | D:10     | Entered Level 10 of the Dungeon
  8223 | D:10     | Noticed a two-headed ogre
  8228 | D:10     | Noticed a cyclops
  8281 | D:10     | Reached XP level 11. HP: 60/64 MP: 14/14
  8421 | D:10     | Noticed a red ugly thing
  8421 | D:10     | Noticed a boulder beetle
  8421 | D:10     | Noticed a two-headed ogre
  8422 | D:10     | Noticed a centaur warrior
  8453 | D:9      | Killed a boulder beetle
  8454 | D:9      | Reached skill level 11 in Fighting
  8537 | D:10     | Killed a cyclops
  8538 | D:10     | Reached skill level 12 in Fighting
  8609 | D:10     | Noticed a two-headed ogre
  8614 | D:10     | Killed a two-headed ogre
  8711 | D:10     | Noticed a death knight
  8745 | D:10     | Reached skill level 13 in Fighting
  8977 | D:9      | Killed a death knight
  9165 | D:10     | Killed a two-headed ogre
  9284 | D:10     | Killed a two-headed ogre
  9285 | D:10     | Reached skill level 14 in Fighting
  9285 | D:10     | Reached skill level 1 in Evocations
  9295 | D:10     | Reached XP level 12. HP: 74/76 MP: 15/15
  9353 | D:10     | Killed a centaur warrior
  9541 | D:10     | Reached skill level 5 in Evocations
  9668 | D:10     | Reached *** piety under Hepliaklqana
  9686 | D:10     | Identified the +10 scimitar "No More Talking" {vamp, Int+2
                  | Stlth+}
 10104 | Lair:1   | Entered Level 1 of the Lair of Beasts
 10106 | Lair:1   | Noticed Amaemon
 10116 | Lair:1   | Reached skill level 1 in Long Blades
 10121 | Lair:1   | Killed Amaemon
 10185 | Lair:1   | Found a frozen archway.
 10197 | IceCv    | Entered an ice cave
 10563 | IceCv    | Learned a level 7 spell: Beastly Appendage
 10566 | IceCv    | Learned a level 2 spell: Wereblood
 10570 | IceCv    | Learned a level 3 spell: Ozocubu's Armour
 11447 | IceCv    | Noticed a reaper
 11466 | IceCv    | Killed a reaper
 12334 | Lair:1   | Reached **** piety under Hepliaklqana
 12789 | Lair:2   | Reached XP level 13. HP: 81/81 MP: 16/16
 13021 | Lair:2   | Found a staircase to the Snake Pit.
 13260 | Lair:2   | Identified the +7 broad axe of the Blessed Realm {flame,
                  | Drain Fragile rPois Str+3}
 13363 | Lair:2   | Reached ***** piety under Hepliaklqana
 13527 | Lair:2   | Found a staircase to the Swamp.
 13843 | Lair:3   | Noticed Nessos
 13952 | Lair:3   | Killed Nessos
 13956 | Lair:3   | Noticed Gastronok
 13965 | Lair:3   | Killed Gastronok
 14156 | Lair:3   | Noticed Snorg
 14169 | Lair:3   | Killed Snorg
 14264 | Lair:3   | Noticed Nergalle
 14291 | Lair:3   | Killed Nergalle
 14832 | Lair:4   | Reached skill level 15 in Fighting
 14832 | Lair:4   | Reached skill level 15 in Armour
 15622 | Lair:5   | Entered Level 5 of the Lair of Beasts
 16002 | Lair:5   | Reached ****** piety under Hepliaklqana
 16327 | Lair:5   | Found a staircase to the Slime Pits.
 16379 | Lair:5   | Reached skill level 16 in Fighting
 16379 | Lair:5   | Gained mutation: Your large and strong wings let you fly.
                  | [Gargoyle growth]
 16379 | Lair:5   | Reached XP level 14. HP: 90/90 MP: 17/17
 17136 | Lair:5   | Reached skill level 17 in Fighting
 17199 | Lair:5   | Found a corrupted altar of Lugonu.
 17199 | Lair:5   | Found a one-way gate to the infinite horrors of the Abyss.
 17203 | Lair:5   | Identified the ring "Xakah" {*Corrode Str+6 Int+7}
 17650 | D:11     | Found a staircase to the Orcish Mines.
 17656 | D:11     | Found Becin's Armour Boutique.
 18246 | Orc:1    | Entered Level 1 of the Orcish Mines
 18426 | Orc:2    | Entered Level 2 of the Orcish Mines
 18467 | Orc:2    | Found a staircase to the Elven Halls.
 19050 | Orc:2    | Reached skill level 10 in Evocations
 19234 | Orc:2    | Noticed Sonja
 19242 | Orc:2    | Killed Sonja
 19292 | Orc:2    | Paralysed by an orc sorcerer for 3 turns
 19320 | Orc:2    | Paralysed by something for 2 turns
 19386 | Orc:2    | Paralysed by an ogre mage for 5 turns
 19717 | Orc:2    | Found Erem's Jewellery Emporium.
 19754 | Orc:2    | Found a radiant altar of Vehumet.
 19755 | Orc:2    | Noticed Erolcha
 19766 | Orc:2    | Killed Erolcha
 19770 | Orc:2    | Found Lafem's Antique Armour Shoppe.
 19806 | Orc:2    | Found an ancient bone altar of Kikubaaqudgha.
 19978 | Orc:2    | Found Ucryoniu's Distillery.
 19986 | Orc:2    | Bought a potion of mutation for 128 gold pieces
 19986 | Orc:2    | Bought a potion of curing for 48 gold pieces
 19986 | Orc:2    | Bought a potion of heal wounds for 80 gold pieces
 19986 | Orc:2    | Bought a potion of curing for 48 gold pieces
 19986 | Orc:2    | Bought a potion of curing for 48 gold pieces
 19986 | Orc:2    | Bought 2 potions of might for 128 gold pieces
 19986 | Orc:2    | Bought a potion of ambrosia for 128 gold pieces
 20121 | Orc:2    | Found Eggiodwa's Jewellery Emporium.
 20129 | Orc:2    | Bought the amulet "Wyrischi" {Spirit -Cast rC+ Will+} for
                  | 724 gold pieces
 20190 | Orc:2    | Upgraded the game from 0.30-a0-883-g5ad918d77d to
                  | 0.30-a0-918-g0ff054e9dc
 20465 | D:12     | Reached XP level 15. HP: 96/96 MP: 18/18
 20525 | D:12     | Found Oxkadgh's Assorted Antiques.
 20543 | D:12     | Bought a wand of mindburst (6) for 260 gold pieces
 20543 | D:12     | Bought a bubbling orange potion for 27 gold pieces
 20543 | D:12     | Bought a scroll of magic mapping for 232 gold pieces
 20610 | D:12     | You are sucked into a shaft and drop 2 floors!
 20717 | D:12     | Noticed Urug
 20728 | D:12     | Killed Urug
 21891 | D:13     | Reached skill level 1 in Throwing
 21920 | D:13     | Found a gate to the Vaults.
 23384 | D:15     | Entered Level 15 of the Dungeon
 23722 | D:15     | Found a staircase to the Depths.
 23955 | D:15     | Reached XP level 16. HP: 100/100 MP: 14/19
 24228 | D:15     | Found a glowing golden altar of the Shining One.
 25031 | Swamp:1  | Entered Level 1 of the Swamp
 25214 | Swamp:1  | Reached skill level 15 in Evocations
 25728 | Swamp:1  | Noticed a fenstrider witch
 25736 | Swamp:1  | Killed a fenstrider witch
 25803 | Swamp:1  | Reached skill level 10 in Shields
 26162 | Swamp:2  | Noticed Kirke
 26284 | Swamp:1  | Noticed a sphinx
 26284 | Swamp:1  | Killed Kirke
 26607 | Swamp:2  | Reached skill level 18 in Fighting
 26638 | Swamp:2  | Noticed a fenstrider witch
 26650 | Swamp:2  | Noticed a fenstrider witch
 26908 | Swamp:2  | Noticed Aizul
 26953 | Swamp:2  | Killed Aizul
 27144 | Swamp:2  | Noticed Louise
 27172 | Swamp:2  | Killed Louise
 27363 | Swamp:2  | Killed a fenstrider witch
 27445 | Swamp:2  | Paralysed by a fenstrider witch for 5 turns
 27450 | Swamp:2  | Killed a fenstrider witch
 27451 | Swamp:2  | Reached skill level 19 in Fighting
 27451 | Swamp:2  | Reached XP level 17. HP: 103/109 MP: 17/20
 28394 | Swamp:3  | Noticed Mara
 28413 | Swamp:3  | Noticed xSliceyx's illusion
 28415 | Swamp:3  | Killed Mara
 28628 | Swamp:4  | Entered Level 4 of the Swamp
 29063 | Swamp:4  | Found a transporter.
 29950 | Swamp:4  | Found a blossoming altar of Fedhas.
 30177 | Swamp:4  | Found a basalt altar of Yredelemnul.
 30194 | Swamp:4  | Got a decaying rune of Zot
 30291 | Swamp:4  | Noticed Valamore's ghost (adept MeEE)
 30294 | Swamp:4  | Found a transporter.
 30526 | Swamp:4  | Noticed a juggernaut
 30526 | Swamp:4  | a juggernaut changed into a titan
 30526 | Swamp:4  | Noticed a titan (glowing shapeshifter)
 30528 | Swamp:4  | a titan changed into a juggernaut
 30528 | Swamp:4  | Noticed a juggernaut (glowing shapeshifter)
 30533 | Swamp:4  | a juggernaut changed into a rockslime
 30605 | Swamp:4  | Killed Valamore's ghost
 30613 | Abyss:2  | Cast into level 2 of the Abyss (spriggan druid)
 30617 | Abyss:2  | Found a corrupted altar of Lugonu.
 30619 | Abyss:2  | Found a corrupted altar of Lugonu.
 30646 | Abyss:2  | Noticed a dread lich
 30681 | Abyss:2  | Noticed a Tzitzimitl
 30686 | Abyss:2  | Noticed an Ice Fiend
 31171 | Abyss:2  | Noticed an Executioner
 31191 | Abyss:2  | Paralysed by accursed screaming for 1 turns
 31236 | Abyss:2  | Found a corrupted altar of Lugonu.
 31246 | Abyss:2  | Found a corrupted altar of Lugonu.
 31454 | Swamp:4  | Escaped the Abyss
 31507 | Swamp:4  | Reached XP level 18. HP: 111/116 MP: 17/21
 31824 | Orc:2    | Bought a ring "Dotos" {rCorr MP+9} for 596 gold pieces
 31987 | Snake:1  | Entered Level 1 of the Snake Pit
 31997 | Snake:1  | Reached skill level 20 in Fighting
 32087 | Snake:1  | Noticed Azrael
 32144 | Snake:1  | Killed Azrael
 32324 | Snake:1  | Identified Roxanne's Grimoire of the Mountains
 32324 | Snake:1  | Noticed Roxanne
 32339 | Snake:1  | Killed Roxanne
 32346 | Snake:1  | Learned a level 2 spell: Blink
 32349 | Snake:1  | Learned a level 2 spell: Passwall
 32608 | Snake:1  | Found Ocoim's Assorted Antiques.
 32617 | Snake:1  | Bought a pitted spear for 216 gold pieces
 32617 | Snake:1  | Identified the +6 spear "Ymyhimoa" {antimagic, Contam rPois
                  | Will+ Str+3} (You bought it in a shop on level 1 of the
                  | Snake Pit)
 32834 | Snake:2  | Reached skill level 21 in Fighting
 32966 | Snake:2  | Upgraded the game from 0.30-a0-918-g0ff054e9dc to
                  | 0.31-a0-1-g4198be8af4
 33803 | Snake:3  | Reached skill level 22 in Fighting
 34704 | Snake:4  | Entered Level 4 of the Snake Pit
 34888 | Snake:4  | Reached skill level 23 in Fighting
 35706 | Snake:4  | Reached skill level 24 in Fighting
 35883 | Snake:4  | Got a serpentine rune of Zot
 36223 | Elf:1    | Entered Level 1 of the Elven Halls
 36235 | Elf:1    | Noticed Nikola
 36324 | Elf:1    | Killed Nikola
 36517 | Elf:1    | Reached XP level 19. HP: 100/130 MP: 16/22
 36702 | Elf:1    | Found an ancient bone altar of Kikubaaqudgha.
 36756 | Elf:1    | Found a runed translucent gate.
 36757 | Elf:1    | Found a runed translucent gate.
 36758 | Elf:1    | Noticed a tentacled monstrosity
 36760 | Elf:1    | Found a runed translucent gate.
 36760 | Elf:1    | Noticed a tentacled monstrosity
 36761 | Elf:1    | Noticed a tentacled monstrosity
 36829 | Elf:1    | Paralysed by an air elemental for 1 turns
 36837 | Elf:1    | Noticed Frances
 36842 | Elf:1    | Killed Frances
 36847 | Elf:1    | Found Haitz's Jewellery Emporium.
 36847 | Elf:1    | Found Wasaxt's Book Shop.
 37011 | Elf:1    | Found Wibeax's Book Shop.
 37120 | Elf:1    | Reached skill level 25 in Fighting
 37190 | Elf:1    | Got the Anthology of Mustering
 37343 | Elf:1    | Found a portal to a secret trove of treasure.
 37443 | Elf:1    | Paralysed by a floating eye for 4 turns
 38040 | Vaults:1 | Entered Level 1 of the Vaults
 38450 | Vaults:1 | Identified the +3 bardiche of the Desert {freeze, Will++
                  | rCorr}
 38517 | Vaults:1 | Identified the +8 arbalest of Erphomirgh {penet, rElec
                  | Str+3}
 38522 | Vaults:1 | Identified the +4 arbalest of Gugroserph {antimagic, rC+}
 38545 | Vaults:1 | Identified the +1 ring mail of the Sturgeon {Harm Drain
                  | Will+ Int+4}
 38571 | Vaults:1 | Reached skill level 26 in Fighting
 39458 | Vaults:1 | Got the Information on Frigid Calefaction
 39632 | Vaults:2 | Found a staircase to the Crypt.
 39686 | Vaults:2 | Found a magical portal.
 39705 | WizLab   | Entered Cigotuvi's Fleshworks
 40345 | WizLab   | Got Cigotuvi's Essays on Charnel Alteration
 40566 | WizLab   | Paralysed by a floating eye for 3 turns
 40579 | WizLab   | Reached skill level 27 in Fighting
 40579 | WizLab   | Reached XP level 20. HP: 141/141 MP: 23/23
 40602 | WizLab   | Identified the ring of the Evil One {rN+ Int+6}
 41083 | Vaults:2 | Gained mutation: You have a pair of small horns on your
                  | head. [potion of mutation]
 41084 | Vaults:2 | Lost mutation: You have a pair of small horns on your head.
                  | [potion of mutation]
 41084 | Vaults:2 | Gained mutation: Your natural rate of healing is unusually
                  | fast. [potion of mutation]
 41084 | Vaults:2 | Gained mutation: You are vulnerable to cold. (rC-) [potion
                  | of mutation]
 41084 | Vaults:2 | Gained mutation: You passively dampen the noise of your
                  | surroundings. [potion of mutation]
 41085 | Vaults:2 | Lost mutation: You passively dampen the noise of your
                  | surroundings. [potion of mutation]
 41085 | Vaults:2 | Lost mutation: You are vulnerable to cold. (rC-) [potion of
                  | mutation]
 41085 | Vaults:2 | Gained mutation: Your body sometimes deteriorates upon
                  | taking damage. [potion of mutation]
 41086 | Vaults:2 | Lost mutation: Your body sometimes deteriorates upon taking
                  | damage. [potion of mutation]
 41086 | Vaults:2 | Lost mutation: Your natural rate of healing is unusually
                  | fast. [potion of mutation]
 41086 | Vaults:2 | Gained mutation: Armour fits poorly on your strangely
                  | shaped body. [potion of mutation]
 41086 | Vaults:2 | Gained mutation: Your movements are slightly less
                  | encumbered by armour. (ER -2) [potion of mutation]
 41086 | Vaults:2 | Gained mutation: You have large cloven feet. [potion of
                  | mutation]
 41087 | Vaults:2 | Lost mutation: Armour fits poorly on your strangely shaped
                  | body. [potion of mutation]
 41087 | Vaults:2 | Lost mutation: You have large cloven feet. [potion of
                  | mutation]
 41087 | Vaults:2 | Lost mutation: Your movements are slightly less encumbered
                  | by armour. (ER -2) [potion of mutation]
 41087 | Vaults:2 | Gained mutation: You have sharp toenails. [potion of
                  | mutation]
 41087 | Vaults:2 | Gained mutation: You have razor-sharp toenails. [potion of
                  | mutation]
 41087 | Vaults:2 | Gained mutation: You are occasionally teleported next to
                  | monsters. [potion of mutation]
 41087 | Vaults:2 | Gained mutation: You are partially covered in large bone
                  | plates. (SH +4) [potion of mutation]
 41088 | Vaults:2 | Lost mutation: You are partially covered in large bone
                  | plates. (SH +4) [potion of mutation]
 41088 | Vaults:2 | Lost mutation: You have razor-sharp toenails. [potion of
                  | mutation]
 41088 | Vaults:2 | Gained mutation: You are clumsy. (Dex -2) [potion of
                  | mutation]
 41088 | Vaults:2 | Gained mutation: Potions are less effective at restoring
                  | your health. [potion of mutation]
 41088 | Vaults:2 | Gained mutation: You are partially covered in iridescent
                  | scales. (AC +2) [potion of mutation]
 41089 | Vaults:2 | Lost mutation: Potions are less effective at restoring your
                  | health. [potion of mutation]
 41089 | Vaults:2 | Lost mutation: You have sharp toenails. [potion of
                  | mutation]
 41089 | Vaults:2 | Lost mutation: You are occasionally teleported next to
                  | monsters. [potion of mutation]
 41089 | Vaults:2 | Gained mutation: You occasionally lose the ability to read
                  | scrolls when taking damage. [potion of mutation]
 41089 | Vaults:2 | Lost mutation: You occasionally lose the ability to read
                  | scrolls when taking damage. [potion of mutation]
 41090 | Vaults:2 | Lost mutation: You are partially covered in iridescent
                  | scales. (AC +2) [potion of mutation]
 41090 | Vaults:2 | Lost mutation: You are clumsy. (Dex -2) [potion of
                  | mutation]
 41090 | Vaults:2 | Gained mutation: Your body sometimes deteriorates upon
                  | taking damage. [potion of mutation]
 41090 | Vaults:2 | Gained mutation: Your magical capacity is low. (-10% MP)
                  | [potion of mutation]
 41090 | Vaults:2 | Gained mutation: You are strong-willed. (Will+) [potion of
                  | mutation]
 41091 | Vaults:2 | Lost mutation: Your magical capacity is low. (-10% MP)
                  | [potion of mutation]
 41091 | Vaults:2 | Lost mutation: You are strong-willed. (Will+) [potion of
                  | mutation]
 41091 | Vaults:2 | Gained mutation: You expend magic power (3 MP) to
                  | strengthen your wands. [potion of mutation]
 41091 | Vaults:2 | Gained mutation: You possess an exceptional clarity of
                  | mind. [potion of mutation]
 41091 | Vaults:2 | Gained mutation: You occasionally shout uncontrollably at
                  | your foes. [potion of mutation]
 41092 | Vaults:2 | Lost mutation: You occasionally shout uncontrollably at
                  | your foes. [potion of mutation]
 41092 | Vaults:2 | Lost mutation: You expend magic power (3 MP) to strengthen
                  | your wands. [potion of mutation]
 41092 | Vaults:2 | Lost mutation: You possess an exceptional clarity of mind.
                  | [potion of mutation]
 41092 | Vaults:2 | Gained mutation: You occasionally shout uncontrollably at
                  | your foes. [potion of mutation]
 41093 | Vaults:2 | Lost mutation: You occasionally shout uncontrollably at
                  | your foes. [potion of mutation]
 41093 | Vaults:2 | Lost mutation: Your body sometimes deteriorates upon taking
                  | damage. [potion of mutation]
 41093 | Vaults:2 | Gained mutation: You have sharp toenails. [potion of
                  | mutation]
 41093 | Vaults:2 | Gained mutation: You have a pair of small horns on your
                  | head. [potion of mutation]
 41094 | Vaults:2 | Lost mutation: You have sharp toenails. [potion of
                  | mutation]
 41094 | Vaults:2 | Lost mutation: You have a pair of small horns on your head.
                  | [potion of mutation]
 41094 | Vaults:2 | Gained mutation: You possess an exceptional clarity of
                  | mind. [potion of mutation]
 41094 | Vaults:2 | Gained mutation: You are partially covered in iridescent
                  | scales. (AC +2) [potion of mutation]
 41094 | Vaults:2 | Gained mutation: Your flesh is cold resistant. (rC+)
                  | [potion of mutation]
 42817 | Vaults:3 | Reached skill level 10 in Invocations
 44759 | Vaults:4 | Reached XP level 21. HP: 146/146 MP: 28/28
 45035 | Vaults:4 | Paralysed by a great orb of eyes for 4 turns
 46640 | Elf:2    | Found a transporter.
 46644 | Elf:2    | Found a bloodstained altar of Trog.
 46649 | Elf:2    | Noticed roninjake's ghost (adept TrFi)
 46762 | Elf:2    | Found a transporter.
 47029 | Elf:2    | Found a runed translucent gate.
 47029 | Elf:2    | Found a runed translucent gate.
 47030 | Elf:2    | Found a runed translucent gate.
 47864 | Elf:3    | Entered Level 3 of the Elven Halls
 47893 | Elf:3    | Paralysed by an air elemental for 1 turns
 47961 | Elf:3    | Found a transporter.
 47962 | Elf:3    | Noticed Zikhlim's ghost (journeyman MiFi)
 47978 | Elf:3    | Found a transporter.
 48377 | Elf:3    | Paralysed by an air elemental for 1 turns
 49341 | Elf:3    | Identified the +10 halberd of the Equator {freeze, Str+5}
 49430 | Elf:3    | Reached XP level 22. HP: 133/152 MP: 29/29
 49507 | Elf:3    | Identified the +1 plate armour of Rujou {Regen+}
 49512 | Elf:3    | Identified the +5 trident of Parphum {venom, rC+ Int-2
                  | Dex+6}
 49512 | Elf:3    | Identified the +5 dagger of Abomination {holy, rC+}
 49537 | Elf:3    | Identified the +10 war axe of Loixt {heavy, rN+ Dex+3}
 49540 | Elf:3    | Identified the ring of Gozeddip {Fire rCorr Int+3 Stlth+}
 49574 | Elf:3    | Identified the ring of Filoet {rF+ rN+ Will- rCorr SInv}
 49585 | Elf:3    | Paralysed by an air elemental for 1 turns
 49641 | Elf:3    | Identified the +9 falchion of the Messenger {distort,
                  | Fragile Str+4}
 49909 | Elf:3    | Got Itaowniy's Omnibus of Postmortem Correspondence
 49917 | Elf:3    | Got the Codex of Ensorcelling
 49919 | Elf:3    | Identified the +8 chain mail of the Several People {Str+3}
 49969 | Elf:3    | Found the +10 Black Knight's barding {ponderous, rPois rN+}
 49970 | Elf:3    | Identified the +0 pair of gloves of Inviolability {+Inv
                  | Int+3 Stlth-}
 49980 | Elf:3    | Got the Almanac of the Sphinx
 50266 | Elf:1    | Found a runed translucent gate.
 50266 | Elf:1    | Found a runed translucent gate.
 50270 | Elf:1    | Noticed Baunymm's ghost (journeyman DsBe)
 50280 | Elf:1    | Found a runed translucent gate.
 50383 | Elf:1    | Killed Baunymm's ghost
 50433 | Elf:1    | Identified the +1 hat of Hubris {Regen+ Str-3 Dex+5}
 50449 | Elf:1    | Gained mutation: You are mostly covered in iridescent
                  | scales. (AC +4) [mutagenic glow]
 50754 | D:5      | Killed snackwell's ghost
 50837 | D:9      | Killed bmack86's ghost
 51617 | Depths:1 | Entered Level 1 of the Depths
 51712 | Depths:1 | Found a one-way gate leading to the halls of Pandemonium.
 51812 | Abyss:2  | Cast into level 2 of the Abyss (a deep elf sorcerer)
 52027 | Abyss:2  | Lost mutation: You possess an exceptional clarity of mind.
                  | [a neqoxec]
 52090 | Depths:1 | Escaped the Abyss
 52678 | Depths:1 | You are sucked into a shaft and drop 1 floor!
 52678 | Depths:2 | Noticed Grunn
 53171 | Depths:1 | Found a gateway to Hell.
 53254 | Depths:1 | Found a transporter.
 53489 | Depths:1 | Found a transporter.
 54708 | Depths:2 | Reached XP level 23. HP: 115/157 MP: 20/30
 54713 | Depths:2 | Killed Grunn
 55073 | Depths:2 | Identified the +3 dagger of Zoeneoch {drain, *Corrode Fly
                  | rElec}
 55276 | Depths:2 | Found Eqetheklu's Fire Supplies.
 55282 | Depths:2 | Bought a +2 cloak of fire resistance for 430 gold pieces
 56231 | Vaults:5 | Entered Level 5 of the Vaults
 56419 | Vaults:5 | Noticed a dread lich
 56425 | Vaults:5 | Paralysed by a dread lich for 3 turns
 56427 | Vaults:5 | Killed a dread lich
 56428 | Vaults:5 | Reached skill level 15 in Shields
 56631 | Vaults:5 | Reached skill level 5 in Axes
 56689 | Vaults:5 | Noticed an ancient lich
 56695 | Vaults:5 | Killed an ancient lich
 56705 | Vaults:5 | Identified the +1 spear "Jayhoa" {heavy, Drain rCorr Str+2}
 56707 | Vaults:5 | Identified the +2 pair of gloves "Kuga" {*Corrode rElec
                  | Stlth+}
 56708 | Vaults:5 | Identified the +4 hand axe of Causality {pain, +Blink rF+
                  | Str+3}
 56711 | Vaults:5 | Identified a ring "Ytsomoac" {rC+ rCorr Dex+2 Slay+2}
 56920 | Vaults:5 | Identified the +6 dagger "Duamas" {elec, SInv Stlth+}
 56966 | Vaults:5 | Got the Octavo of the Welkin
 57213 | Vaults:5 | Reached XP level 24. HP: 162/162 MP: 30/30
 57227 | Vaults:5 | Identified the +1 arbalest of an ossuary {penet, rF- Str+6
                  | Int-3 Stlth+}
 57288 | Abyss:4  | Cast into level 4 of the Abyss (a deep elf sorcerer)
 57292 | Abyss:4  | Found a corrupted altar of Lugonu.
 57299 | Vaults:5 | Escaped the Abyss
 57386 | Vaults:5 | Identified the +0 robe "Ofiuseg" {Dex+6}
 57405 | Vaults:5 | Got a silver rune of Zot
 57441 | Vaults:5 | Noticed an ancient lich
 57450 | Vaults:5 | Killed an ancient lich
 57485 | Vaults:5 | Reached skill level 10 in Axes
 57532 | Vaults:5 | Identified a scroll of acquirement
 57548 | Vaults:5 | Got the Catalogue of Orogeny
 57550 | Vaults:5 | Got Zomaocw's Handbook of the Volley
 57551 | Vaults:5 | Identified the staff of fire "Pecheenn" {rF+ Int+3}
 57558 | Vaults:5 | Identified the ring of Sloth {rF+ rCorr SInv}
 57568 | Vaults:5 | Identified the staff of cold "Orgha" {rPois rC+}
 57571 | Vaults:5 | Identified the +5 glaive "Deekiv" {drain, rF+ Str+3 Int+3
                  | SInv}
 57587 | Vaults:5 | Got Sif Muna's Elucidation of Nival Wounds
 57590 | Vaults:5 | Acquired the amulet of the Ornamental Mango {rF+ Regen+}
 58732 | Depths:3 | Noticed a juggernaut
 58732 | Depths:3 | Noticed a juggernaut
 58755 | Depths:3 | Killed a juggernaut
 58760 | Depths:3 | Killed a juggernaut
 59010 | Depths:3 | Identified the +8 war axe "Pakaz" {heavy, rElec rF++ rC-
                  | rN+}
 59247 | Depths:3 | Found a hide-covered altar of Uskayaw.
 59377 | Depths:3 | Found a one-way gateway to a ziggurat.
 59655 | Depths:4 | Entered Level 4 of the Depths
 60051 | Depths:4 | Reached XP level 25. HP: 167/168 MP: 30/30
 60286 | Depths:4 | Found a radiant altar of Vehumet.
 60306 | Depths:4 | Identified the +1 halberd of the Big Bang {flame, Will+
                  | SInv}
 60383 | Depths:4 | Found a gate to the Realm of Zot.
 60495 | Hell     | Entered the Vestibule of Hell
 60495 | Hell     | Noticed Geryon
 60505 | Hell     | Reached skill level 15 in Axes
 60528 | Hell     | Killed Geryon
 60679 | Hell     | Found a gateway to the freezing wastes of Cocytus.
 60742 | Hell     | Found a gateway to the Iron City of Dis.
 60851 | Hell     | Found a gateway to the ashen valley of Gehenna.
 60912 | Hell     | Found a gateway to the decaying netherworld of Tartarus.
 61117 | Pan      | Entered Pandemonium
 61413 | Pan      | Found a glowing silver altar of Zin.
 62417 | Pan      | Noticed a seraph
 62421 | Pan      | Identified the +0 tower shield of the Unseen Realm {-Tele
                  | Will+ Regen+ MP+9}
 62435 | Pan      | HP: 7/168 [seraph/+8 great sword of flaming (2)]
 62438 | Pan      | Killed a seraph
 62453 | Pan      | Found a glowing golden altar of the Shining One.
 62556 | Pan      | Identified the +6 spear "Hydraslayer" {pain, rF+}
 62558 | Pan      | Identified the +4 mace of Twilight {drain, Str+3 Dex+2}
 62576 | Pan      | Got a demonic rune of Zot
 63082 | Pan      | Found a white marble altar of Elyvilon.
 63135 | Pan      | Reached XP level 26. HP: 173/173 MP: 30/30
 63725 | Pan      | Upgraded the game from 0.31-a0-1-g4198be8af4 to
                  | 0.31-a0-237-g2d982f9f85
 63981 | Pan      | Found an exit through the horrors of the Abyss.
 64341 | Pan      | Found an exit through the horrors of the Abyss.
 64939 | Pan      | Reached skill level 1 in Dodging
 64972 | Pan      | Entered the realm of Gloorx Vloq.
 65032 | Pan      | Noticed Gloorx Vloq
 65180 | Pan      | Reached skill level 5 in Dodging
 65258 | Pan      | Killed Gloorx Vloq
 65304 | Pan      | Got a dark rune of Zot
 65418 | Pan      | Found an exit through the horrors of the Abyss.
 65690 | Pan      | Found an exit through the horrors of the Abyss.
 65727 | Pan      | Reached XP level 27. HP: 160/179 MP: 30/30
 65769 | Pan      | Found an exit through the horrors of the Abyss.
 65789 | Pan      | Noticed Disy the pandemonium lord
 65798 | Pan      | Killed Disy the pandemonium lord
 65879 | Pan      | Entered the realm of Cerebov.
 65996 | Pan      | Identified the +1 hand axe of Earthquakes {heavy, rPois
                  | Str+2 Int+3 Dex+2}
 66111 | Pan      | Got the Volume of Dusty Malignant Secrets
 66161 | Pan      | Identified the ring of Departure {rPois rF+ rN+ Str+3}
 66216 | Pan      | Found the +6 sword of Cerebov {flame}
 66216 | Pan      | Noticed Cerebov
 66244 | Pan      | Killed Cerebov
 66245 | Pan      | Reached skill level 10 in Dodging
 66968 | Pan      | Identified the +5 scale mail of the Ancient Portals {rPois
                  | Regen+ rCorr Stlth+}
 66983 | Pan      | Got a fiery rune of Zot
 67010 | Pan      | Identified the +2 shortbow of Lidaadgh {drain, Drain Str+2
                  | Int+4}
 67028 | Pan      | Got Rusunti's Exposition on Energy
 67123 | Pan      | Entered the realm of Lom Lobon.
 67147 | Pan      | Acquired 1083 gold pieces
 67739 | Pan      | Noticed Lom Lobon
 67872 | Pan      | Killed Lom Lobon
 67957 | Pan      | Got a magical rune of Zot
 68100 | Pan      | Entered the realm of Mnoleg.
 68128 | Pan      | Gained mutation: You are frail. (-10% HP) [a cacodemon]
 68161 | Pan      | Gained mutation: You possess an exceptional clarity of
                  | mind. [a cacodemon]
 68170 | Pan      | Gained mutation: You have hidden genetic defects. [a
                  | neqoxec]
 68426 | Pan      | Gained mutation: You occasionally shout uncontrollably at
                  | your foes. [a neqoxec]
 68428 | Pan      | Gained mutation: You are weak. (Str -2) [a neqoxec]
 68430 | Pan      | Gained mutation: Your magical capacity is low. (-10% MP) [a
                  | neqoxec]
 68433 | Pan      | Gained mutation: You occasionally lose the ability to read
                  | scrolls when taking damage. [a neqoxec]
 68440 | Pan      | Lost mutation: You possess an exceptional clarity of mind.
                  | [potion of mutation]
 68440 | Pan      | Lost mutation: You are mostly covered in iridescent scales.
                  | (AC +4) [potion of mutation]
 68440 | Pan      | Lost mutation: You are partially covered in iridescent
                  | scales. (AC +2) [potion of mutation]
 68440 | Pan      | Gained mutation: A frigid envelope surrounds you and
                  | freezes all who hurt you. [potion of mutation]
 68441 | Pan      | Lost mutation: A frigid envelope surrounds you and freezes
                  | all who hurt you. [potion of mutation]
 68441 | Pan      | Lost mutation: You are weak. (Str -2) [potion of mutation]
 68441 | Pan      | Lost mutation: Your flesh is cold resistant. (rC+) [potion
                  | of mutation]
 68441 | Pan      | Gained mutation: You have sharp fingernails. [potion of
                  | mutation]
 68442 | Pan      | Lost mutation: You have sharp fingernails. [potion of
                  | mutation]
 68442 | Pan      | Lost mutation: Your magical capacity is low. (-10% MP)
                  | [potion of mutation]
 68442 | Pan      | Lost mutation: You occasionally shout uncontrollably at
                  | your foes. [potion of mutation]
 68442 | Pan      | Lost mutation: You occasionally lose the ability to read
                  | scrolls when taking damage. [potion of mutation]
 68442 | Pan      | Gained mutation: You occasionally lose the ability to drink
                  | potions when taking damage. [potion of mutation]
 68443 | Pan      | Lost mutation: You are frail. (-10% HP) [potion of
                  | mutation]
 68443 | Pan      | Lost mutation: You occasionally lose the ability to drink
                  | potions when taking damage. [potion of mutation]
 68443 | Pan      | Lost mutation: You have hidden genetic defects. [potion of
                  | mutation]
 68443 | Pan      | Gained mutation: You sometimes lose your temper in combat.
                  | [potion of mutation]
 68443 | Pan      | Gained mutation: You are weak. (Str -2) [potion of
                  | mutation]
 68444 | Pan      | Lost mutation: You are weak. (Str -2) [potion of mutation]
 68444 | Pan      | Lost mutation: You sometimes lose your temper in combat.
                  | [potion of mutation]
 68444 | Pan      | Gained mutation: You are partially covered in iridescent
                  | scales. (AC +2) [potion of mutation]
 68444 | Pan      | Gained mutation: You are mostly covered in iridescent
                  | scales. (AC +4) [potion of mutation]
 68444 | Pan      | Gained mutation: You possess an exceptional clarity of
                  | mind. [potion of mutation]
 68465 | Pan      | Gained mutation: You are dopey. (Int -2) [a cacodemon]
 68510 | Pan      | Gained mutation: You are weak. (Str -2) [a neqoxec]
 68512 | Pan      | Gained mutation: You are very weak. (Str -4) [a neqoxec]
 68527 | Pan      | Noticed Mnoleg
 68532 | Pan      | Gained mutation: You have a beak for a mouth. [a neqoxec]
 68543 | Pan      | Killed Mnoleg
 68558 | Pan      | Got a glowing rune of Zot
 68575 | Pan      | Gained mutation: Your spells are a little easier to cast,
                  | but a little less powerful. [a neqoxec]
 68676 | Pan      | Gained mutation: You occasionally lose the ability to read
                  | scrolls when taking damage. [a neqoxec]
 69013 | Pan      | Reached skill level 15 in Dodging
 69275 | Pan      | Found an exit through the horrors of the Abyss.
 69284 | Pan      | Took an exit into the Abyss.
 69284 | Abyss:4  | Escaped into the Abyss
 69301 | Abyss:4  | Found a corrupted altar of Lugonu.
 69495 | Abyss:5  | Noticed a dread lich
 69496 | Abyss:5  | Paralysed by a floating eye for 4 turns
 69513 | Abyss:5  | Killed a dread lich
 69551 | Abyss:5  | Got an abyssal rune of Zot
 69581 | Depths:1 | Escaped the Abyss
 69583 | Depths:1 | Lost mutation: You are very weak. (Str -4) [potion of
                  | mutation]
 69583 | Depths:1 | Lost mutation: You are dopey. (Int -2) [potion of mutation]
 69583 | Depths:1 | Gained mutation: Your spells are easier to cast, but less
                  | powerful. [potion of mutation]
 69583 | Depths:1 | Gained mutation: You expend magic power (3 MP) to
                  | strengthen your wands. [potion of mutation]
 69584 | Depths:1 | Lost mutation: You expend magic power (3 MP) to strengthen
                  | your wands. [potion of mutation]
 69584 | Depths:1 | Lost mutation: You are mostly covered in iridescent scales.
                  | (AC +4) [potion of mutation]
 69584 | Depths:1 | Gained mutation: You occasionally lose the ability to drink
                  | potions when taking damage. [potion of mutation]
 69584 | Depths:1 | Lost mutation: You are weak. (Str -2) [potion of mutation]
 69584 | Depths:1 | Lost mutation: You occasionally lose the ability to drink
                  | potions when taking damage. [potion of mutation]
 69585 | Depths:1 | Lost mutation: You have a beak for a mouth. [potion of
                  | mutation]
 69585 | Depths:1 | Lost mutation: You possess an exceptional clarity of mind.
                  | [potion of mutation]
 69585 | Depths:1 | Gained mutation: You are somewhat resistant to further
                  | mutation. [potion of mutation]
 69586 | Depths:1 | Lost mutation: You are somewhat resistant to further
                  | mutation. [potion of mutation]
 69586 | Depths:1 | Lost mutation: Your spells are easier to cast, but less
                  | powerful. [potion of mutation]
 69586 | Depths:1 | Gained mutation: Your spells are easier to cast, but less
                  | powerful. [potion of mutation]
 69586 | Depths:1 | Gained mutation: Your magical capacity is low. (-10% MP)
                  | [potion of mutation]
 69587 | Depths:1 | Lost mutation: You occasionally lose the ability to read
                  | scrolls when taking damage. [potion of mutation]
 69587 | Depths:1 | Lost mutation: You are partially covered in iridescent
                  | scales. (AC +2) [potion of mutation]
 69587 | Depths:1 | Lost mutation: Your spells are easier to cast, but less
                  | powerful. [potion of mutation]
 69587 | Depths:1 | Lost mutation: Your spells are a little easier to cast, but
                  | a little less powerful. [potion of mutation]
 69587 | Depths:1 | Gained mutation: You sometimes lose your temper in combat.
                  | [potion of mutation]
 69588 | Depths:1 | Lost mutation: Your magical capacity is low. (-10% MP)
                  | [potion of mutation]
 69588 | Depths:1 | Lost mutation: You sometimes lose your temper in combat.
                  | [potion of mutation]
 69588 | Depths:1 | Gained mutation: Your flesh is heat resistant. (rF+)
                  | [potion of mutation]
 69899 | Elf:2    | Killed roninjake's ghost
 70074 | Elf:3    | Killed Zikhlim's ghost
 70659 | Slime:1  | Entered Level 1 of the Pits of Slime
 71230 | Slime:2  | Paralysed by a great orb of eyes for 5 turns
 72888 | Slime:5  | Entered Level 5 of the Pits of Slime
 72918 | Slime:5  | Noticed the Royal Jelly
 72926 | Slime:5  | Killed the Royal Jelly
 72954 | Slime:5  | Paralysed by a great orb of eyes for 5 turns
 73183 | Slime:5  | Found the +6 arbalest "Damnation" {damnation}
 73187 | Slime:5  | Identified the +5 sling of the Chickpea {antimagic, Will+++
                  | Str+3 Int-3}
 73189 | Slime:5  | Got a slimy rune of Zot
 73190 | Slime:5  | Identified the staff "Jigeyf" {rPois Dex+6 Stlth+ Poison}
 73207 | Slime:5  | Identified the staff "Awniuresm" {rF+ rC+ rCorr Stlth+
                  | Fire}
 73210 | Slime:5  | Identified the staff "Jutem" {rPois rC+ Stlth+ Earth}
 73210 | Slime:5  | Found the +2 shield of Resistance {rF++ rC++ Will++}
 73238 | Slime:5  | Identified the +5 trident "Oxoask" {freeze, Stlth+}
 73260 | Slime:5  | Identified the +0 leather armour of Wu Jian's Regard
                  | {Rampage rPois Str-4 Int+3}
 73263 | Slime:5  | Identified the +2 arbalest of Malaise {penet, *Slow rPois
                  | Str+3}
 74108 | Hell     | Upgraded the game from 0.31-a0-237-g2d982f9f85 to
                  | 0.31-a0-321-g19405a7a6a
 74146 | Geh:1    | Entered Level 1 of Gehenna
 74731 | Geh:7    | Entered Level 7 of Gehenna
 75975 | Geh:7    | Found the +13 sceptre of Asmodeus
 75975 | Geh:7    | Noticed Asmodeus
 75980 | Geh:7    | Noticed an ancient lich
 75982 | Geh:7    | HP: 8/179 [Brimstone Fiend/damnation (33)]
 75989 | Geh:7    | HP: 5/268 [Brimstone Fiend/damnation (43)]
 75993 | Geh:7    | Killed an ancient lich
 76007 | Geh:7    | Slain by Asmodeus

Illustrated notes

Levels and vault maps discovered:
D:1:      amcnicky_arrival_flooded_fountain, layout_rooms
D:2:      layout_loops_ring, basic_altar
D:3:      layout_loops_ring, gammafunk_temple_overflow_claw,
          portal_sewer_entry_d, dreamdust_ecumenical_altar_grove,
          minmay_snake_closets
D:4:      layout_loops_ring, led_sif_book, gammafunk_temple_overflow_pools
D:5:      layout_basic, temple_statues, ebering_ghost_inner_flame, moated_statue
D:6:      layout_gridville, pf_guarded_unrand_delatra
D:7:      layout_cave_pools, fedhas_altar_1
D:8:      layout_cave_pools, lair_entry_dummy, uniq_maggie
D:9:      cheibrodos_wizards_tower, layout_cave_pools, gammafunk_ghost_spectres,
          minmay_misc_feat_tower
D:10:     hangedman_cross_cluster, layout_loops_ring, minmay_misc_feat_pillars
D:11:     layout_stronghold, orc_david_3
D:12:     layout_long_grid, serial_shops, nicolae_shop_waterfront, uniq_urug
D:13:     layout_gridville, grunt_vaults_entry_fortified,
          minmay_fractal_squares_5
D:14:     layout_cross, kennysheep_doodads
D:15:     grunt_enter_depths_magical_seal, layout_basic, serial_bayou_lagoon_a,
          nicolae_tso_carved_into_rock
Lair:1:   layout_regular_city, portal_ice_cave_entry_imps,
          chequers_serial_rivers_small_3, infiniplex_staircase_pool,
          serial_bayou_shore_a, lemuel_fruit_tree, uniq_amaemon
Lair:2:   layout_gridlike, swamp_mist, nicolae_snake_entry_warm_welcome
Lair:3:   layout_cave_pods, serial_bayou_shore_b, infiniplex_staircase_pool_2,
          uniq_gastronok, uniq_snorg, uniq_nessos, uniq_nergalle
Lair:4:   layout_small_grid
Lair:5:   hellmonk_lair_end_abyssal_woods, layout_regular_city,
          dpeg_slime_entry_enclosed
Swamp:1:  layout_basic_swamp, nicolae_swamp_tree_isthmus
Swamp:2:  nzn_winding_woodlands_cross [nzn_winding_woodlands_5x15_garden,
          nzn_winding_woodlands_5x15_longhouse,
          nzn_winding_woodlands_5x15_river_crossing,
          nzn_winding_woodlands_5x15_zeroes,
          nzn_winding_woodlands_15x15_witchcraft], layout_falls_marsh,
          evilmike_swamp_ruin_house_6, uniq_louise, uniq_kirke, uniq_aizul
Swamp:3:  layout_basic_swamp, nicolae_swamp_small_spring, swamp_pool2, uniq_mara
Swamp:4:  byrel_swamp_growth_death_and_undeath, layout_basic_swamp,
          gammafunk_ghost_abyssal_escape
Snake:1:  layout_onion_interference, minmay_shop_star, uniq_roxanne, uniq_azrael
Snake:2:  layout_layer_cave
Snake:3:  layout_grid_maze
Snake:4:  johnstein_snake_rune_scales, layout_cave_town,
          nicolae_snake_flat_spine, serial_bayou_shore_b
Slime:1:  layout_caves, cheibrodos_slime_lost_civilization_7
Slime:2:  layout_caves
Slime:3:  layout_caves
Slime:4:  layout_caves
Slime:5
Orc:1:    layout_caves
Orc:2:    kennysheep_orc_mage_school, layout_caves, roderic_batcave,
          minmay_orc_barracks, uniq_sonja
Elf:1:    nicolae_elf_arrival_fired_up, layout_rooms, basic_altar,
          trove_entry_hex_spiral, ploomutoo_gammafunk_ghost_potion_laboratory,
          minmay_elf_demonology, onia_ninara_cookie, minmay_shop_grove,
          uniq_nikola, uniq_frances
Elf:2:    nicolae_elf_blades_splatter_lattice [nicolae_blade_bullseye],
          layout_rooms, gammafunk_ghost_wrathful_warriors
Elf:3:    minmay_elf_hall_furrowed, layout_geoelf_diagonals,
          gammafunk_ghost_arena
Vaults:1: nicolae_vaults_storage_closets_3, nicolae_vaults_heart-shaped_vault,
          hangedman_vaults_locks, nicolae_vaults_tetromino_T_1,
          nicolae_vaults_yaktaur_gun_rack, nicolae_vaults_meiosis,
          nicolae_vaults_shipping_containers_2, nicolae_vaults_trapezoid_4,
          serial_ice_g, nicolae_vaults_tetromino_T_1, ontoclasm_vaults_chip,
          layout_vaults_omnicross
Vaults:2: mu_enter_wizlab_3, v_misc_27, nicolae_vaults_asterisk,
          nicolae_vaults_house_1, vaults_room_fours, grunt_vaults_hallway_long,
          layout_vaults_omnigrid, dummy_crypt_entry
Vaults:3: nicolae_vaults_security_offices_2, ontoclasm_vaults_fault,
          ontoclasm_vaults_pinch, v_misc_18, hangedman_vaults_unwind,
          nicolae_vaults_storage_closets_2, nicolae_vaults_more_shelving_1,
          nicolae_vaults_trapezoid_lopsided_1, ontoclasm_vaults_shuriken,
          nicolae_vaults_trapezoid_3, nicolae_vaults_trapezoid_lopsided_3,
          v_misc_15, nicolae_vaults_two_Ls, v_misc_31,
          nicolae_vaults_trapezoid_lopsided_2, nicolae_vaults_ellipses_ellipsis,
          layout_vaults_maze_bifur
Vaults:4: nicolae_vaults_stepped_doors, v_alt_pattern_4, grunt_vaults_trifunnel,
          vaults_mumra_bighexcomb, v_pattern_4, nicolae_vaults_turnstiles,
          v_alt_pattern_2, nicolae_vaults_door_testing_chamber,
          ontoclasm_vaults_decontamination, layout_vaults_ring
Vaults:5: serial_shops
Depths:1: layout_forbidden_donut, rand_demon_pan_entry_7, hell_entry,
          serial_rivers, chequers_serial_rivers_room_b,
          chequers_serial_rivers_micro_b, chequers_serial_rivers_micro_d,
          chequers_serial_rivers_micro_b,
          nicolae_abyss_entry_one_way_or_another, corexii_hall_statues_s,
          hangedman_decor_riveting, minivault_15, fountainhead,
          ebering_dispersal_statue_hall, moated_statue, nicolae_diode_stairs
Depths:2: dreamdust_cat_pyramid, layout_gridlike, hex_intersection, hell_entry,
          grunt_pan_entry_spiral, abyss_entry, serial_sigils,
          serial_sigils_hangedman_shear, serial_sigils_hangedman_clutch,
          serial_sigils_hangedman_quiver, serial_sigils_hangedman_snap,
          serial_sigils_hangedman_stare, nicolae_shop_fire_sale
          [nicolae_sub_dead_trees], uniq_grunn
Depths:3: minmay_four_inscribed_fans, layout_honeycomb, enter_ziggurat_a,
          abyss_entry, nicolae_uskayaw_murder_on_the_dancefloor, hell_entry,
          kennysheep_decorative_pillar, drop_trap, minmay_staircase_statues
Depths:4: grunt_twist_and_shout, layout_cave_pools, grunt_mini_vestibule,
          vehumet_crystals, serial_bayou_shore_b
Hell
Geh:1:    layout_gehenna_lava_caves
Geh:2:    layout_gehenna_pools_box
Geh:3:    layout_gehenna_pools_box
Geh:4:    layout_gehenna_lava_caves
Geh:5:    layout_gehenna_pools_box, lemuel_hellish_altar
Geh:6:    layout_gehenna_lava_caves, nicolae_hells_hurtin_island
Geh:7:    geh_hangedman

Skill      XL: |  1  2  3  4  5  6  7  8  9 10 11 12 13 14 15 16 17 18 19 20 21 22 23 24 25 26 27 |
---------------+----------------------------------------------------------------------------------+-----
Shields        | 4 5 7 10 13 15 16 20 | 20.0
Fighting       | 4 5 7 9 10 14 16 17 19 24 27 | 27.0
Armour         | 4 5 7 8 10 14 16 17 18 20 23 | 23.0
Maces & Flails | 1 |  1.4
Invocations    | 5 10 | 10.0
Evocations     | 2 8 9 11 14 15 18 20 | 20.0
Long Blades    | 4 |  4.0
Throwing       | 2 |  2.0
Axes           | 3 8 14 17 | 17.9
Dodging        | 7 22 | 22.1

Action                     |  1- 3 |  4- 6 |  7- 9 | 10-12 | 13-15 | 16-18 | 19-21 | 22-24 | 25-27 || total
---------------------------+-------+-------+-------+-------+-------+-------+-------+-------+-------++-------
  Melee: War axe           |   130 |     4 |       |       |       |       |       |   502 |   197 ||   833
         Short sword       |       |   537 |       |       |       |       |       |       |       ||   537
         Whip              |       |     9 |   225 |   304 |       |       |       |       |       ||   538
         Scimitar          |       |       |       |   214 |   982 |  1645 |  1762 |       |       ||  4603
         Unarmed           |       |       |       |       |       |     3 |       |       |       ||     3
         Halberd           |       |       |       |       |       |       |    11 |    44 |       ||    55
         Broad axe         |       |       |       |       |       |       |       |   372 |  2392 ||  2764
         Peck              |       |       |       |       |       |       |       |       |    68 ||    68
  Throw: Dart              |       |       |     1 |    16 |     7 |       |       |       |       ||    24
         Boomerang         |       |       |       |       |     4 |    14 |       |       |       ||    18
         Javelin           |       |       |       |       |     2 |     7 |     1 |       |       ||    10
 Invoke: Ancestor Identity |       |       |     1 |       |       |       |       |       |       ||     1
         Ancestor Life: He |       |       |     1 |       |       |       |       |       |       ||     1
         Recall Ancestor   |       |       |       |     3 |     1 |     8 |     7 |     1 |     2 ||    22
         Idealise          |       |       |       |       |     7 |     1 |     7 |     4 |     1 ||    20
         Transference      |       |       |       |       |       |       |     1 |       |       ||     1
  Evoke: Wand              |       |       |       |     1 |    11 |    26 |     3 |     3 |    27 ||    71
         Box of beasts     |       |       |       |       |     2 |     3 |     4 |       |     5 ||    14
         Condenser vane    |       |       |       |       |     1 |     2 |     4 |     2 |     3 ||    12
         Lightning rod     |       |       |       |       |       |     5 |    16 |     4 |       ||    25
         Phantom mirror    |       |       |       |       |       |       |       |       |     8 ||     8
         Horn of Geryon    |       |       |       |       |       |       |       |       |     6 ||     6
    Use: Scroll            |       |     7 |     5 |    12 |     6 |    12 |    10 |     8 |    27 ||    87
         Potion            |       |     2 |     1 |     2 |       |    26 |    21 |     9 |    39 ||   100
   Stab: Distracted        |       |       |     4 |     5 |    23 |    22 |    14 |    12 |    78 ||   158
         Confused          |       |       |     3 |     7 |    22 |    18 |    40 |    30 |    38 ||   158
         Petrified         |       |       |       |       |     3 |       |       |       |       ||     3
         Petrifying        |       |       |       |       |     1 |       |       |       |       ||     1
         Paralysed         |       |       |       |       |    55 |   147 |   150 |    80 |    51 ||   483
         Invisible         |       |       |       |       |       |     3 |       |     1 |    12 ||    16
 Armour: Scale mail        |    73 |   368 |    28 |       |       |       |       |       |       ||   469
         Chain mail        |       |       |    80 |    80 |       |       |       |  1095 |  1176 ||  2431
         Plate armour      |       |       |       |   308 |  1026 |  1949 |  1288 |    50 |       ||  4621
  Dodge: Dodged            |    73 |   289 |    81 |   173 |   406 |   551 |   379 |   343 |   689 ||  2984
  Block: Buckler           |    38 |   160 |    55 |   150 |   271 |       |       |       |       ||   674
         Kite shield       |       |       |       |       |   146 |   321 |       |       |   340 ||   807
         Tower shield      |       |       |       |       |       |  1401 |  1525 |  1036 |  1967 ||  5929

Table legend: (Time is in decaauts)
 A = Elapsed time spent in this place.
 B = Non-inter-level travel time spent in this place.
 C = Inter-level travel time spent in this place.
 D = Time resting spent in this place.
 E = Time spent auto-exploring this place.
 F = Levels seen in this place.
 G = Mean time per level.
                   A        B        C        D        E       F      G
               +--------+--------+--------+--------+--------+-----+--------+
         Total |  78023 |  69527 |   8496 |  15532 |  27692 |  84 |  928.8 |
       Dungeon |  16873 |  13609 |   3264 |   1725 |   8308 |  15 | 1124.9 |
          Lair |   6902 |   5589 |   1313 |   1005 |   2970 |   5 | 1380.4 |
         Swamp |   5890 |   5509 |    381 |   1752 |   1713 |   4 | 1472.5 |
     Snake Pit |   4476 |   3892 |    584 |    440 |   2361 |   4 | 1119.0 |
    Slime Pits |   3172 |   2901 |    271 |    953 |   1301 |   5 |  634.4 |
  Orcish Mines |   2369 |   1894 |    475 |    398 |   1053 |   2 | 1184.5 |
   Elven Halls |   6786 |   5753 |   1033 |   2064 |   1770 |   3 | 2262.0 |
        Vaults |   9218 |   8510 |    708 |   1421 |   4131 |   5 | 1843.6 |
        Depths |   6439 |   6128 |    311 |   2099 |   2663 |   4 | 1609.8 |
          Hell |    652 |    586 |     66 |     31 |    251 |   1 |  652.0 |
       Gehenna |   1701 |   1614 |     87 |    409 |     21 |   7 |  243.0 |
         Abyss |   1557 |   1557 |      0 |    248 |      0 |   7 |  222.4 |
   Pandemonium |   7789 |   7789 |      0 |   1398 |    619 |  19 |  409.9 |
         Sewer |   1035 |   1035 |      0 |    229 |    105 |   1 | 1035.0 |
      Ice Cave |   1736 |   1736 |      0 |    902 |     95 |   1 | 1736.0 |
        Wizlab |   1421 |   1421 |      0 |    457 |    329 |   1 | 1421.0 |
               +--------+--------+--------+--------+--------+-----+--------+

Top non-repeatable levels by time:
Depths:1: 2727 daAuts
Vaults:4: 2722 daAuts
   Elf:1: 2524 daAuts
   Elf:3: 2250 daAuts
   Elf:2: 2011 daAuts
Vaults:2: 1976 daAuts
   Orc:2: 1907 daAuts
  Lair:5: 1864 daAuts
Vaults:1: 1822 daAuts
   IceCv: 1736 daAuts
 Swamp:2: 1692 daAuts
    D:13: 1682 daAuts
 Swamp:4: 1681 daAuts
    D:10: 1640 daAuts
    D:15: 1620 daAuts
